 Dungeon Crawl Stone Soup version 0.30.0 (webtiles) character file.

Game seed: 16361975650508365089

567 dialectric the Covert (level 7, 0/48 HPs)
             Began as an Octopode Delver on May 6, 2023.
             Was an Initiate of Dithmenos.
             Slain by an ice beast (11 damage)
             ... on level 5 of the Dungeon.
             The game lasted 00:04:43 (3304 turns).

dialectric the Covert (Octopode Delver)             Turns: 3304, Time: 00:04:43

Health: 0/48       AC:  1    Str: 14    XL:     7   Next: 33%
Magic:  0/7        EV: 13    Int: 12    God:    Dithmenos [......]
Gold:   173        SH:  0    Dex: 13    Spells: 6/6 levels left

rFire   . . .        a - +0 short sword
rCold   . . .        (no shield)
rNeg    . . .        (helmet restricted)
rPois   .            y - amulet of guardian spirit
rElec   .            j - ring of flight
rCorr   .            (no ring)
SInv    .            (no ring)
Will    .....        (no ring)
Stlth   ++++++       (no ring)
HPRegen 0.28/turn    (no ring)
MPRegen 0.10/turn    (no ring)
                     (no ring)

%: guardian spirit
@: flying
A: almost no armour, amphibious, 8 rings, camouflage 1, gelatinous body 1,
(nimble swimmer 1), tentacles
a: Renounce Religion


You were on level 5 of the Dungeon.
You worshipped Dithmenos.
Dithmenos was noncommittal.
You visited 1 branch of the dungeon, and saw 5 of its levels.
You also visited: Sewer.

You collected 173 gold pieces.

Inventory:

Hand Weapons
 a - a +0 short sword (weapon)
 z - a +1 long sword of holy wrath
Missiles
 s - 4 poisoned darts (quivered)
Armour
 g - a +0 buckler
Jewellery
 i - an amulet of magic regeneration
 j - a ring of flight (left tentacle)
 y - an amulet of guardian spirit (around mantle)
Wands
 f - a wand of digging (3)
 m - a wand of flame (9)
Scrolls
 b - 3 scrolls of fog
 c - 3 scrolls of magic mapping
 d - a scroll of fear
 k - 2 scrolls of vulnerability {unknown}
 l - 7 scrolls of identify {unknown}
 p - 2 scrolls of teleportation {unknown}
 q - 2 scrolls of blinking {unknown}
 r - a scroll of brand weapon {unknown}
 u - a scroll of noise {unknown}
 w - a scroll of amnesia {unknown}
 A - a scroll of immolation {unknown}
Potions
 e - a potion of haste
 h - a potion of might
 n - 3 potions of curing {unknown}
 o - a potion of lignification
 t - a potion of mutation {unknown}
 v - a potion of brilliance {unknown}
 x - a potion of flight {unknown}


   Skills:
 * Level 4.0 Fighting
 + Level 3.4 Short Blades
 + Level 2.7 Dodging
 + Level 10.9 Stealth


You had 6 spell levels left.
You didn't know any spells.
Your spell library contained the following spells:

 Spells                   Type           Power      Damage    Failure   Level
 Anguish                  Hex/Necr       0%         N/A       97%         4
 Cause Fear               Hex            0%         N/A       97%         4
 Summon Ice Beast         Ice/Summ       0%         N/A       97%         4
 Summon Mana Viper        Hex/Summ       0%         N/A       100%        5
 Enfeeble                 Hex            0%         N/A       100%        7
 Monstrous Menagerie      Summ           0%         N/A       100%        7


Dungeon Overview and Level Annotations

Branches:
Dungeon (5/15)              Sewer (visited)
 Temple: D:4-7

Altars:
Cheibriados
Dithmenos
Elyvilon
Gozag
Kikubaaqudgha
Trog
Vehumet
Yredelemnul

Annotations:
D:4 Dowan, Duvessa
D:5 Grinder


Innate Abilities, Weirdness & Mutations

You cannot wear most types of armour.
You are amphibious.
You can wear up to eight rings at the same time.
Your skin changes colour to match your surroundings (Stealth+).
Your rubbery body absorbs attacks. (AC +1, EV +1)
((You are camouflaged when in or above water. (Stealth+)))
You have tentacles for arms and can constrict up to eight enemies at once.


Message History

There is an opulent altar of Gozag here.
k - 2 scrolls labelled HOUCEA VUYFI (gained 1)
There is an opulent altar of Gozag here.
There is an open door here.
You see here a +0 pair of gloves.
Found a stone staircase leading up.
No target in view!
No target in view!
No target in view!
There is a stone staircase leading up here.
An ice beast comes into view.
An ice beast is nearby!
An ice beast is nearby!
Found a stone staircase leading down.
Found a stone staircase leading up.
The ice beast hits you. The ice beast freezes you!
You hit the ice beast but do no damage. You squeeze the ice beast.
The ice beast is lightly wounded.
The ice beast hits you but does no damage.
You hit the ice beast. Your squeeze misses the ice beast.
The ice beast is lightly wounded.
The ice beast barely misses you.
You hit the ice beast but do no damage.
The ice beast is lightly wounded.
The ice beast hits you. The ice beast freezes you!
You hit the ice beast but do no damage.
The ice beast is lightly wounded.
You hit the ice beast but do no damage.
You squeeze the ice beast, but do no damage.
The ice beast is lightly wounded.
The ice beast barely misses you.
You hit the ice beast but do no damage. You squeeze the ice beast.
The ice beast is moderately wounded.
The ice beast hits you. The ice beast freezes you!
* * * LOW HITPOINT WARNING * * *
The ice beast attacks as you move away! The ice beast closely misses you.
The ice beast attacks as you move away! The ice beast hits you.
* * * LOW HITPOINT WARNING * * *
The ice beast freezes you!
You die...

#.#..####
##.##....
#.......#
##..##.♣.♣
###.###.#
##..###.._.
#.###.###..##
#.♣.♣
#..##.....##
#.... ##.#####..#
##### #.# #..# #
#<# #..# #. #@#
##.# ##..##Y##
...#
#.......##..#..
#.####.....###.#
##.####.?.#####.#
#.>...........#≈#
#.#
#.#.###.#######§#
.. #.. #≈ #. ##.#
#. #.##


You could see an ice beast.

Vanquished Creatures
  Sigmund (D:2)
  A water moccasin (Sewer)
  A scorpion (D:4)
  2 hounds (D:4)
  An iguana (D:4)
  Jessica (D:2)
  5 adders
  2 dart slugs (D:1)
  10 orcs
  7 endoplasms
  6 giant cockroaches
  5 hobgoblins
  7 jackals
  4 quokkas
  5 ball pythons
  3 bats
  6 frilled lizards
  5 goblins
  4 kobolds
  2 rats (D:2)
78 creatures vanquished.

Notes
Turn   | Place    | Note
-------+----------+-------------------------------------------
     0 | D:5      | dialectric the Octopode Delver began the quest for the Orb.
     0 | D:5      | Reached XP level 1. HP: 16/16 MP: 1/1
    95 | D:5      | Noticed Grinder
   114 | D:4      | Noticed a hound
   122 | D:4      | Killed a hound
   123 | D:4      | Reached skill level 7 in Stealth
   123 | D:4      | Reached XP level 2. HP: 16/21 MP: 2/2
   123 | D:4      | Reached XP level 3. HP: 20/26 MP: 3/3
   136 | D:4      | Reached skill level 8 in Stealth
   136 | D:4      | Reached XP level 4. HP: 28/31 MP: 4/4
   456 | D:3      | Found a glowing drain.
   481 | Sewer    | Entered a sewer
   534 | Sewer    | Noticed a water moccasin
   552 | Sewer    | Killed a water moccasin
   553 | Sewer    | Reached skill level 9 in Stealth
   553 | Sewer    | Reached XP level 5. HP: 26/36 MP: 5/5
   690 | D:3      | Found a basalt altar of Yredelemnul.
   862 | D:2      | Noticed Jessica
   869 | D:2      | Killed Jessica
   870 | D:2      | Reached XP level 6. HP: 42/42 MP: 6/6
   915 | D:2      | Noticed Sigmund
   921 | D:2      | Killed Sigmund
   922 | D:2      | Reached skill level 10 in Stealth
  2198 | D:3      | Reached XP level 7. HP: 47/47 MP: 7/7
  2588 | D:4      | Found a white marble altar of Elyvilon.
  2588 | D:4      | Found a bloodstained altar of Trog.
  2591 | D:4      | Found a radiant altar of Vehumet.
  2592 | D:4      | Found a snail-covered altar of Cheibriados.
  2981 | D:4      | Found a shadowy altar of Dithmenos.
  2989 | D:4      | Became a worshipper of Dithmenos the Shadowed
  3016 | D:4      | Found an ancient bone altar of Kikubaaqudgha.
  3073 | D:4      | Noticed Duvessa
  3073 | D:4      | Noticed Dowan
  3234 | D:5      | Found an opulent altar of Gozag.
  3304 | D:5      | Slain by an ice beast

Illustrated notes

Levels and vault maps discovered:
D:1:      tarquinn_simple_flora_water_a, layout_basic
D:2:      layout_loops_ring, kennysheep_minor_cross, nicolae_underground_beach,
          uniq_sigmund, uniq_jessica
D:3:      layout_loops_ring, overflow_temple_1_default, portal_sewer_entry_b
D:4:      layout_basic, grunt_temple_overflow_open,
          mainiacjoe_overflow_alcove_1, grunt_dithmenos_smoke_and_mirrors,
          uniq_duvessa
D:5:      layout_rooms, kennysheep_little_box, nicolae_ru_the_path_less_chosen,
          temple_hall, enter_ossuary_2, kennysheep_big_empty_room, st_stairs_7,
          corexii_corridor_pit, uniq_grinder

Skill      XL: |  1  2  3  4  5  6  7 |
---------------+----------------------+-----
Stealth        | 7 8 9 10 | 10.9
Short Blades   | 3 |  3.4
Fighting       | 4 |  4.0
Dodging        | |  2.7

Action                     |  1- 3 |  4- 6 |  7- 9 || total
---------------------------+-------+-------+-------++-------
  Melee: Short sword       |     7 |    99 |    49 ||   155
         Constrict         |     1 |    19 |     9 ||    29
         Tentacles         |     1 |    18 |    15 ||    34
    Use: Potion            |       |     2 |       ||     2
         Scroll            |       |     1 |       ||     1
   Stab: Sleeping          |     3 |    26 |     4 ||    33
         Distracted        |       |     1 |       ||     1
 Armour: Skin              |       |    13 |     2 ||    15
  Dodge: Dodged            |     3 |    36 |    15 ||    54
